 Dungeon Crawl Stone Soup version 0.26-a0-1060-g086102a3f0 (webtiles) character file.

Game seed: 5877975529085363267

718 HoaS the Cudgeller (level 7, -4/41 HPs)
             Began as a Gargoyle Fighter on Dec 13, 2020.
             Was a Believer of Makhleb.
             Slain by a steam dragon (7 damage)
             ... on level 7 of the Dungeon.
             The game lasted 00:09:05 (2519 turns).

HoaS the Cudgeller (Gargoyle Fighter)               Turns: 2519, Time: 00:09:06

Health: -4/41      AC: 19    Str: 21    XL:     7   Next: 70%
Magic:  7/7        EV:  5    Int:  9    God:    Makhleb [**....]
Gold:   207        SH: 11    Dex:  9    Spells: 6/6 levels left

rFire    . . .     SeeInvis .   a - +1 flail
rCold    + . .     Faith    .   c - +1 kite shield
rNeg     + . .     Spirit   .   r - +0 chain mail
rPois    ∞         Reflect  .   k - +2 helmet
rElec    +         Harm     .   (no cloak)
rCorr    .         Rampage  .   (no gloves)
Will     .....                  o - +1 pair of boots
Stlth    ..........             (no amulet)
HPRegen  0.13/turn              m - ring of protection from cold
MPRegen  0.10/turn              b - ring of flight

@: no status effects
A: negative energy resistance 1, electricity resistance, unbreathing,
petrification resistance, rot immunity, AC +4
a: Minor Destruction, Renounce Religion, Evoke Flight


You were on level 7 of the Dungeon.
You worshipped Makhleb.
Makhleb was pleased with you.
You visited 1 branch of the dungeon, and saw 5 of its levels.

You collected 207 gold pieces.

Inventory:

Hand Weapons
 a - a +1 flail (weapon)
Armour
 c - a +1 kite shield (worn)
 k - a +2 helmet (worn)
 o - a +1 pair of boots (worn)
 r - a +0 chain mail (worn)
Jewellery
 b - a ring of flight (right hand)
 m - a ring of protection from cold (left hand)
 t - an uncursed ring of positive energy {unknown}
Wands
 i - a wand of random effects (50)
 s - a wand of paralysis (2)
Scrolls
 f - a scroll of identify
 h - 2 scrolls of remove curse
 l - 2 scrolls of teleportation
 u - a scroll of enchant weapon
Potions
 d - 2 potions of might
 e - 2 potions of berserk rage {unknown}
 g - 3 potions of curing
 j - a potion of mutation
 n - a potion of flight
 p - a potion of magic {unknown}
 q - a potion of lignification {unknown}


   Skills:
 - Level 3.2 Fighting
 * Level 7.0 Maces & Flails
 - Level 3.2 Armour
 + Level 6.1 Shields


You had 6 spell levels left.
You didn't know any spells.
Your spell library contained the following spells:

 Spells                   Type           Power        Failure   Level
 Confusing Touch          Hex            #.......     100%        3
 Gell's Gravitas          Tloc           #.........   100%        3
 Petrify                  Tmut/Erth      #.......     100%        4
 Metabolic Englaciation   Hex/Ice        #.........   100%        5
 Yara's Violent Unravell  Hex/Tmut       #.........   100%        5


Dungeon Overview and Level Annotations

Branches:
Dungeon (4/15)             Temple (0/1) D:7

Altars:
Cheibriados
Fedhas
Gozag
Makhleb
Okawaru
Vehumet


Innate Abilities, Weirdness & Mutations

You are resistant to torment.
Your stone body is resilient. (AC +4)
You are immune to poison.
You resist negative energy. (rN+)
You are resistant to electric shocks. (rElec)
You can survive without breathing.
You are immune to petrification.
You are immune to rotting.


Message History

You are engulfed in a cloud of scalding steam.
The steam dragon bites you. The steam dragon barely misses you.
You hit the steam dragon but do no damage.
The steam dragon is heavily wounded.
You block the steam dragon's attack.
The steam dragon claws you but does no damage.
You sock the steam dragon!
The steam dragon is severely wounded.
You are engulfed in a cloud of scalding steam.
The steam dragon breathes steam at you. The ball of steam hits you!
* * * LOW HITPOINT WARNING * * *
The steam dragon bites you but does no damage.
The steam dragon completely misses you.
You hear a shout!
Your shield and chain mail prevent you from hitting the steam dragon.
The steam dragon is severely wounded.
You are engulfed in a cloud of scalding steam.
The steam dragon bites you!
You die...

#....... #.......
......# .....#
....# ...#####
#D.§...# #@.....#
#§.....# #§.....+
########......###
........§........
.................
.................
.................
.................


You could see a steam dragon (catching breath).

Vanquished Creatures
  Sigmund (D:3)
  A centaur (D:7)
  Blork the orc (D:4)
  A scorpion (D:7)
  2 hounds (D:2)
  Jessica (D:2)
  Ijyb (D:3)
  Natasha (thrice) (D:2)
  Robin (D:2)
  2 adders
  An ufetubus (D:2)
  3 oozes
  2 worms (D:3)
  3 dart slugs
  5 leopard geckos
  7 orcs
  5 giant cockroaches
  18 goblins
  10 hobgoblins
  7 jackals
  7 kobolds
  2 quokkas
  5 ball pythons
  5 bats
  3 frilled lizards
  10 rats
107 creatures vanquished.

Vanquished Creatures (others)
  10 fungi (D:4)
10 creatures vanquished.

Grand Total: 117 creatures vanquished

Notes
Turn   | Place    | Note
-------+----------+-------------------------------------------
     0 | D:1      | HoaS the Gargoyle Fighter began the quest for the Orb.
     0 | D:1      | Reached XP level 1. HP: 14/14 MP: 1/1
    77 | D:1      | Reached XP level 2. HP: 14/19 MP: 2/2
   226 | D:1      | Reached skill level 3 in Maces & Flails
   260 | D:1      | Reached XP level 3. HP: 23/23 MP: 3/3
   487 | D:2      | Found an iron altar of Okawaru.
   657 | D:2      | Found a burning altar of Makhleb.
   669 | D:2      | Reached XP level 4. HP: 24/28 MP: 4/4
   673 | D:2      | Became a worshipper of Makhleb the Destroyer
   682 | D:2      | Noticed Robin
   698 | D:2      | Noticed Jessica
   812 | D:3      | Reached skill level 4 in Maces & Flails
   889 | D:3      | Found an opulent altar of Gozag.
  1063 | D:2      | Killed Robin
  1064 | D:2      | Reached XP level 5. HP: 32/32 MP: 5/5
  1091 | D:2      | Killed Jessica
  1091 | D:2      | Reached * piety under Makhleb
  1192 | D:2      | Found a radiant altar of Vehumet.
  1192 | D:2      | Found a snail-covered altar of Cheibriados.
  1261 | D:2      | Noticed Natasha
  1271 | D:2      | Killed Natasha
  1272 | D:2      | Reached skill level 5 in Maces & Flails
  1272 | D:2      | Reached XP level 6. HP: 36/37 MP: 6/6
  1370 | D:2      | Noticed Natasha
  1383 | D:2      | Killed Natasha
  1384 | D:2      | Reached skill level 5 in Shields
  1410 | D:2      | Noticed Natasha
  1419 | D:2      | Killed Natasha
  1767 | D:3      | Noticed Ijyb
  1773 | D:3      | Paralysed by Ijyb for 4 turns
  1789 | D:3      | Killed Ijyb
  1816 | D:3      | Noticed Sigmund
  1834 | D:3      | Killed Sigmund
  1835 | D:3      | Reached skill level 6 in Maces & Flails
  1835 | D:3      | Reached XP level 7. HP: 36/41 MP: 7/7
  1854 | D:3      | Reached ** piety under Makhleb
  2254 | D:3      | Found a blossoming altar of Fedhas.
  2364 | D:4      | Noticed Blork the orc
  2372 | D:4      | Killed Blork the orc
  2459 | D:4      | You fall into a shaft and drop 3 floors!
  2474 | D:7      | Found a staircase to the Ecumenical Temple.
  2505 | D:7      | Reached skill level 7 in Maces & Flails
  2511 | D:7      | Noticed a steam dragon
  2519 | D:7      | Slain by a steam dragon

Illustrated notes

Levels and vault maps discovered:
D:1:      psy_arrival_dodecagon, layout_basic
D:2:      layout_loops_ring, lemuel_round_altar,
          amethyst_overflow_temple_binary, kennysheep_path_1,
          grunt_ministairs_1, makhleb_heckhound_becter, uniq_natasha,
          uniq_robin, uniq_jessica
D:3:      layout_rooms, lemuel_coloured_pillars_altar, grunt_gozag_breadcrumbs,
          grunt_decor_fettered, minmay_fractal_squares_5, uniq_sigmund,
          uniq_ijyb
D:4:      minmay_diamond_boxcup, layout_basic, serial_aquarium,
          aquarium_bridge_long_joined [aquarium_subvault_wall,
          aquarium_subvault_bridge, aquarium_subvault_balcony,
          aquarium_subvault_window, aquarium_subvault_bridge,
          aquarium_subvault_bridge], aquarium_window_1, aquarium_window_corner,
          aquarium_view_2c, aquarium_balcony_double_1,
          ebering_ghost_rock_garden, uniq_blork_the_orc
D:7:      layout_gridville, kennysheep_little_box,
          minmay_temple_entry_butterflies

Skill      XL: |  1  2  3  4  5  6  7 |
---------------+----------------------+-----
Maces & Flails | 3 4 5 6 7 |  7.0
Shields        | 4 5 6 |  6.1
Fighting       | |  3.2
Armour         | |  3.2

Action                   |  1- 3 |  4- 6 |  7- 9 || total
-------------------------+-------+-------+-------++-------
Melee: Flail             |   122 |   210 |    75 ||   407
  Use: Scroll            |     7 |     8 |     3 ||    18
Armor: Scale mail        |    96 |   118 |    10 ||   224
       Chain mail        |       |       |    16 ||    16
Dodge: Dodged            |    41 |    58 |    16 ||   115
Block: Kite shield       |    93 |   141 |    44 ||   278

Table legend: (Time is in decaauts)
 A = Elapsed time spent in this place.
 B = Non-inter-level travel time spent in this place.
 C = Inter-level travel time spent in this place.
 D = Time resting spent in this place.
 E = Time spent auto-exploring this place.
 F = Levels seen in this place.
 G = Mean time per level.
                   A        B        C        D        E       F      G
               +--------+--------+--------+--------+--------+-----+--------+
         Total |   2633 |   2572 |     61 |    229 |   1427 |   5 |  526.6 |
       Dungeon |   2633 |   2572 |     61 |    229 |   1427 |   5 |  526.6 |
               +--------+--------+--------+--------+--------+-----+--------+

Top non-repeatable levels by time:
     D:3: 1005 daAuts
     D:2: 916 daAuts
     D:1: 512 daAuts
     D:4: 136 daAuts
     D:7: 62 daAuts
